 Dungeon Crawl Stone Soup version 0.21-a0-207-g4a9efaf (webtiles) character file.

123 seren the Gusty (level 5, -2/28 HPs)
             Began as a Tengu Air Elementalist on Aug 20, 2017.
             Killed themself with a bounced zap (4 damage)
             ... on level 3 of the Dungeon.
             The game lasted 00:10:23 (2484 turns).

seren the Gusty (Tengu Air Elementalist)            Turns: 2484, Time: 00:10:24

Health: -2/28      AC:  2    Str:  9    XL:     5   Next: 7%
Magic:  0/10       EV: 13    Int: 16    God:
Gold:   75         SH:  0    Dex: 14    Spells: 3/9 levels left

rFire    . . .     SeeInvis .   m - +0 dagger
rCold    . . .     Gourm    .   (no shield)
rNeg     . . .     Faith    .   a - +0 robe
rPois    .         Spirit   .   (helmet restricted)
rElec    .         Reflect  .   (no cloak)
rCorr    .         Harm     .   (no gloves)
MR       +....                  (boots unavailable)
Stlth    ++........             (no amulet)
HPRegen  0.09/turn              i - ring of protection from magic
MPRegen  0.12/turn              (no ring)

@: no status effects
A: beak, talons 3, able to fly 1
a: Fly


You were on level 3 of the Dungeon.
You were hungry.

You visited 1 branch of the dungeon, and saw 3 of its levels.

You collected 75 gold pieces.

Inventory:

Hand Weapons
 m - a +0 dagger (weapon)
 o - a +1 antimagic dagger
Armour
 a - a +0 robe (worn)
Jewellery
 i - a ring of protection from magic (left hand)
 p - an uncursed amulet of harm {unknown}
Wands
 q - a wand of flame (2/48)
Scrolls
 f - a scroll of remove curse {unknown}
 h - a scroll of teleportation {unknown}
 k - 2 scrolls of enchant armour {unknown}
 t - a scroll of identify {unknown}
 u - 3 scrolls of blinking {unknown}
Potions
 d - 2 potions of curing {unknown}
 e - a potion of berserk rage {unknown}
 g - a potion of agility {unknown}
 j - 2 potions of haste {unknown}
 l - 2 potions of ambrosia {unknown}
 n - a potion of cancellation {unknown}
Books
 b - a book of Air

   Spells                             Type                      Level
   a - Shock                          Conjuration/Air              1
   b - Swiftness                      Charms/Air                   2
   c - Static Discharge               Conjuration/Air              3
   d - Airstrike                      Air                          4
   e - Lightning Bolt                 Conjuration/Air              5
Comestibles
 c - 2 bread rations
 r - a royal jelly
 s - a chunk of flesh


   Skills:
 + Level 2.9 Dodging
 + Level 2.7 Stealth
 * Level 2.8 Spellcasting
 + Level 3.1 Conjurations
 + Level 5.0 Air Magic


You had 3 spell levels left.
You knew the following spells:

 Your Spells              Type           Power        Failure   Level  Hunger
a - Shock                 Conj/Air       ###.         3%          1    #......
b - Swiftness             Chrm/Air       ##......     11%         2    ##.....
c - Static Discharge      Conj/Air       ###.....     11%         3    ###....


Dungeon Overview and Level Annotations

Branches:
Dungeon (3/15)

Altars:


Innate Abilities, Weirdness & Mutations

You have a beak for a mouth.
You have claws for feet.
You can fly.


Message History

The hound barely misses you.
You hit the hound. Your kick misses the hound.
The hound is almost dead.
The hound bites you.
* * * LOW HITPOINT WARNING * * *
The hound closely misses you. The hound closely misses you.
Casting: Shock
Confirm with . or Enter, or press ? or * to list all spells.
Aiming: Shock
Press: ? - help, Shift-Dir - straight line, f/p - hound
Aim: a hound (almost dead) That beam is likely to hit you.
Continue anyway?
The zap hits the hound.
You kill the hound!
Your Air Magic skill increases to level 5!
You have reached level 5!
You have gained the ability to fly.
The zap hits you!
You die...

.### .. ## ## ..#
############.#.#.
.................
........@...#.#
###..#.........
#..<.#.###.##
.......%.#.#
#####....#..
#....#...
#....#...
#..†...... ....##


There were no monsters in sight!

Vanquished Creatures
  A hound (D:3)
  Terence (D:2)
  An adder (D:2)
  2 worms (D:2)
  4 dart slugs
  A giant cockroach (D:2)
  6 goblins
  3 hobgoblins
  6 jackals
  A ball python (D:1)
  5 bats
  3 frilled lizards
  5 kobolds
  8 rats
47 creatures vanquished.

Notes
Turn   | Place    | Note
-------+----------+-------------------------------------------
     0 | D:1      | seren the Tengu Air Elementalist began the quest for the Orb.
     0 | D:1      | Reached XP level 1. HP: 10/10 MP: 4/4
   285 | D:1      | Reached XP level 2. HP: 14/15 MP: 4/6
   542 | D:1      | Learned a level 2 spell: Swiftness
   808 | D:1      | Reached XP level 3. HP: 19/19 MP: 3/7
  1098 | D:2      | Learned a level 3 spell: Static Discharge
  1273 | D:2      | Noticed Terence
  1312 | D:2      | Killed Terence
  1312 | D:2      | Reached XP level 4. HP: 24/24 MP: 3/8
  2481 | D:3      | HP: 1/24 [hound (2)]
  2484 | D:3      | Reached skill level 5 in Air Magic
  2484 | D:3      | Gained mutation: You can fly. [Tengu growth]
  2484 | D:3      | Reached XP level 5. HP: 2/28 MP: 0/10
  2484 | D:3      | Killed themself with a bounced zap

Vault maps used:
D:1:      roderic_chinese_lattice_arrival
D:2:      kb_forest_paths, uniq_terence
D:3:      serial_undead, serial_undead_b, serial_undead_c, serial_undead_c,
          serial_undead_c, first_bread, minmay_misc_feat_iff, uniq_jessica

Skill      XL: |  1  2  3  4 |
---------------+-------------+-----
Conjurations   | 2 3 |  3.1
Air Magic      | 5 |  5.0
Dodging        | |  2.9
Stealth        | |  2.7
Spellcasting   | |  2.8

Action                   |  1- 3 |  4- 6 || total
-------------------------+-------+-------++-------
Melee: Unarmed           |     8 |       ||     8
       Kick              |     1 |     3 ||     4
       Dagger            |       |     7 ||     7
 Cast: Shock             |    55 |    65 ||   120
       Static Discharge  |     1 |     2 ||     3
  Eat: Chunk             |     2 |     4 ||     6
Armor: Robe              |     3 |     1 ||     4
Dodge: Dodged            |    12 |    16 ||    28
